| TOP OF THE 1ST |
|
University of Illinois Fighting Illini batting - Pitching for Ohio State University Buckeyes : RHP Mark Paddock
|
|
Pitching: RHP Mark Paddock
|
|
|
Batting: RHB Elmar Adenauer
|
0-0: Called Strike 0-1: Foul Ball, location: 2F 0-2: Ball 1-2: Foul Ball, location: 2F 1-2: Foul Ball, location: 2F 1-2: Foul Ball, location: 2F 1-2: Ball 2-2: Ball 3-2: Fly out, F7 (Flyball, 78M, EV 95.0 MPH)
|
|
Batting: RHB Francisco Cabrera
|
0-0: Ball 1-0: Ball 2-0: Foul Ball, location: 2F 2-1: Swinging Strike 2-2: Foul Ball, location: 2F 2-2: Fly out, F9 (Line Drive, 9D, EV 104.4 MPH)
|
|
Batting: RHB Jonathan Mendoza
|
0-0: Ball 1-0: Foul Ball, location: 2F 1-1: Ground out 4-3 (Groundball, 4S, EV 81.9 MPH)
|
| Top of the 1st over - 0 runs, 0 hits, 0 errors, 0 left on base; University of Illinois 0 - Ohio State University 0 |
| BOTTOM OF THE 1ST |
|
Ohio State University Buckeyes batting - Pitching for University of Illinois Fighting Illini : RHP Andy Harrigan
|
|
Pitching: RHP Andy Harrigan
|
|
|
Batting: RHB Nick Holsinger
|
0-0: Called Strike 0-1: Foul Ball, location: 2F 0-2: Ball 1-2: SINGLE (Groundball, 6D, EV 108.8 MPH)
|
|
Batting: LHB Jimmy Leslie
|
0-0: Called Strike 0-1: Ball 1-1: Ball 2-1: Foul Ball, location: 2F 2-2: Foul Ball, location: 2F 2-2: Ball 3-2: Fielders Choice at 2nd, 3-6 (Groundball, 34S, EV 85.0 MPH)
|
|
Batting: RHB Adam Turpin
|
0-0: Fielders Choice at 2nd, 4-6 (Groundball, 4, EV 101.9 MPH)
|
|
Batting: LHB Chris Cohen
|
0-0: Called Strike 0-1: Ball 1-1: Ball 2-1: Fly out, F9 (Line Drive, 9, EV 91.2 MPH)
|
| Bottom of the 1st over - 0 runs, 1 hit, 0 errors, 1 left on base; University of Illinois 0 - Ohio State University 0 |
| TOP OF THE 2ND |
|
University of Illinois Fighting Illini batting - Pitching for Ohio State University Buckeyes : RHP Mark Paddock
|
|
Batting: LHB George Roben
|
0-0: Foul Ball, location: 2F 0-1: Ball 1-1: Ball 2-1: Swinging Strike 2-2: Ball 3-2: Hit by Pitch
|
|
Batting: RHB Edwin Bejarano
|
0-0: Ball 1-0: 2-RUN HOME RUN (Flyball, 7D, EV 105.0 MPH), Distance : 382 ft
|
|
Batting: RHB Ivan Castaneda
|
0-0: Ball 1-0: Called Strike 1-1: Foul Ball, location: 2F 1-2: SINGLE (Groundball, 56, EV 105.6 MPH) (infield hit)
|
|
Batting: RHB Vinny Torres
|
0-0: Foul Ball, location: 2F 0-1: Foul Ball, location: 2F 0-2: Ball 1-2: Foul Ball, location: 2F 1-2: 2-RUN HOME RUN (Flyball, 7D, EV 98.1 MPH), Distance : 371 ft
|
|
Batting: RHB Chris Bejarano
|
0-0: Foul Ball, location: 2F 0-1: Ball 1-1: Swinging Strike 1-2: Strikes out swinging
|
|
Batting: RHB Danny Vinagre
|
0-0: Swinging Strike 0-1: Foul Ball, location: 2F 0-2: Ball 1-2: Foul Ball, location: 2F 1-2: Ball 2-2: Foul Ball, location: 2F 2-2: Strikes out looking
|
|
Batting: RHB Elmar Adenauer
|
0-0: Ball 1-0: Ball 2-0: Foul Ball, location: 2F 2-1: Called Strike 2-2: Foul Ball, location: 2F 2-2: Ball 3-2: Ground out 5-3 (Groundball, 56S, EV 65.6 MPH)
|
| Top of the 2nd over - 4 runs, 3 hits, 0 errors, 0 left on base; University of Illinois 4 - Ohio State University 0 |
| BOTTOM OF THE 2ND |
|
Ohio State University Buckeyes batting - Pitching for University of Illinois Fighting Illini : RHP Andy Harrigan
|
|
Batting: RHB Aaron Bryant
|
0-0: Ball 1-0: Called Strike 1-1: Foul Ball, location: 2F 1-2: Foul Ball, location: 2F 1-2: Fly out, F6 (Flyball, 6MD, EV 85.6 MPH)
|
|
Batting: RHB Mike Bergin
|
0-0: Ball 1-0: Called Strike 1-1: Ball 2-1: Ball 3-1: Called Strike 3-2: Base on Balls
|
|
Batting: RHB Jorge Lebron
|
0-0: Fly out, F9 (Line Drive, 9, EV 91.9 MPH)
|
|
Batting: RHB Juan Alvarez
|
0-0: Ball 1-0: Foul Ball, location: 2F 1-1: Ball 2-1: Swinging Strike 2-2: Ball 3-2: Foul Ball, location: 2F 3-2: Base on Balls Mike Bergin to second
|
|
Batting: RHB Jesse Haddle
|
0-0: Called Strike 0-1: Ball 1-1: Ball 2-1: Foul Ball, location: 2F 2-2: DOUBLE (Flyball, 89D, EV 91.9 MPH) Mike Bergin scores Juan Alvarez to third Runner from 3rd tries for Home, SAFE, throw by RF to trailing runner, SAFE at third!
|
|
Batting: RHB Nick Holsinger
|
0-0: Ball 1-0: Ground out 4-3 (Groundball, 4, EV 103.8 MPH)
|
| Bottom of the 2nd over - 2 runs, 1 hit, 0 errors, 1 left on base; University of Illinois 4 - Ohio State University 2 |
| TOP OF THE 3RD |
|
University of Illinois Fighting Illini batting - Pitching for Ohio State University Buckeyes : RHP Mark Paddock
|
|
Batting: RHB Francisco Cabrera
|
0-0: Foul Ball, location: 2F 0-1: Ball 1-1: Ball 2-1: Ball 3-1: Called Strike 3-2: Base on Balls
|
|
Batting: RHB Jonathan Mendoza
|
0-0: Fly out, F4 (Popup, 4, EV 53.8 MPH)
|
|
Batting: LHB George Roben
|
0-0: Called Strike 0-1: Swinging Strike 0-2: Strikes out swinging
|
|
Batting: RHB Edwin Bejarano
|
0-0: Called Strike 0-1: Ball 1-1: Ball 2-1: Called Strike 2-2: Strikes out looking
|
| Top of the 3rd over - 0 runs, 0 hits, 0 errors, 1 left on base; University of Illinois 4 - Ohio State University 2 |
| BOTTOM OF THE 3RD |
|
Ohio State University Buckeyes batting - Pitching for University of Illinois Fighting Illini : RHP Andy Harrigan
|
|
Batting: LHB Jimmy Leslie
|
0-0: Ball 1-0: Ball 2-0: Called Strike 2-1: Ground out 5-3 (Groundball, 56S, EV 69.4 MPH)
|
|
Batting: RHB Adam Turpin
|
0-0: Ball 1-0: Called Strike 1-1: Called Strike 1-2: Ball 2-2: Fly out, F4 (Popup, 4M, EV 56.9 MPH)
|
|
Batting: LHB Chris Cohen
|
0-0: Swinging Strike 0-1: Ball 1-1: Swinging Strike 1-2: Ball 2-2: Strikes out swinging
|
| Bottom of the 3rd over - 0 runs, 0 hits, 0 errors, 0 left on base; University of Illinois 4 - Ohio State University 2 |
| TOP OF THE 4TH |
|
University of Illinois Fighting Illini batting - Pitching for Ohio State University Buckeyes : RHP Mark Paddock
|
|
Batting: RHB Ivan Castaneda
|
0-0: Fly out, F8 (Flyball, 8LXD, EV 91.9 MPH)
|
|
Batting: RHB Vinny Torres
|
0-0: Ball 1-0: Foul Ball, location: 2F 1-1: Called Strike 1-2: Foul Ball, location: 2F 1-2: Foul Ball, location: 2F 1-2: Ball 2-2: Ball 3-2: Foul Ball, location: 2F 3-2: Foul Ball, location: 2F 3-2: Foul Ball, location: 2F 3-2: Foul Ball, location: 2F 3-2: DOUBLE (Line Drive, 89XD, EV 100.0 MPH)
|
|
Batting: RHB Chris Bejarano
|
0-0: Called Strike 0-1: Foul Ball, location: 2F 0-2: Foul Ball, location: 2F 0-2: Foul Ball, location: 2F 0-2: Ground out 4-3 (Groundball, 4, EV 106.9 MPH) Vinny Torres to third
|
|
Batting: RHB Danny Vinagre
|
0-0: Ground out 4-3 (Groundball, 4, EV 86.9 MPH)
|
| Top of the 4th over - 0 runs, 1 hit, 0 errors, 1 left on base; University of Illinois 4 - Ohio State University 2 |
| BOTTOM OF THE 4TH |
|
Ohio State University Buckeyes batting - Pitching for University of Illinois Fighting Illini : RHP Andy Harrigan
|
|
Batting: RHB Aaron Bryant
|
0-0: Ground out 6-3 (Groundball, 6, EV 102.5 MPH)
|
|
Batting: RHB Mike Bergin
|
0-0: Foul Ball, location: 2F 0-1: Foul Ball, location: 2F 0-2: Foul Ball, location: 2F 0-2: Foul Ball, location: 2F 0-2: Ball 1-2: Foul Ball, location: 2F 1-2: Foul Ball, location: 2F 1-2: SINGLE (Groundball, 4D, EV 98.8 MPH)
|
|
Batting: RHB Jorge Lebron
|
0-0: Hit by Pitch Mike Bergin to second
|
|
Batting: RHB Juan Alvarez
|
0-0: Called Strike 0-1: Grounds into double play, 6-4-3 (Groundball, 56, EV 101.9 MPH)
|
| Bottom of the 4th over - 0 runs, 1 hit, 0 errors, 1 left on base; University of Illinois 4 - Ohio State University 2 |
| TOP OF THE 5TH |
|
University of Illinois Fighting Illini batting - Pitching for Ohio State University Buckeyes : RHP Mark Paddock
|
|
Batting: RHB Elmar Adenauer
|
0-0: Ball 1-0: Ball 2-0: Foul Ball, location: 2F 2-1: Foul Ball, location: 2F 2-2: Strikes out swinging
|
|
Batting: RHB Francisco Cabrera
|
0-0: Ball 1-0: Called Strike 1-1: Foul Ball, location: 2F 1-2: Foul Ball, location: 2F 1-2: Ball 2-2: SINGLE (Groundball, 56D, EV 95.6 MPH)
|
|
Batting: RHB Jonathan Mendoza
|
0-0: Ball 1-0: Ball 2-0: Ball 3-0: Base on Balls Francisco Cabrera to second
|
|
Batting: LHB George Roben
|
0-0: Foul Ball, location: 2F 0-1: Ball 1-1: Fly out, F8 (Line Drive, 8RD, EV 91.9 MPH)
|
|
Batting: RHB Edwin Bejarano
|
0-0: Fly out, F7 (Line Drive, 7, EV 93.8 MPH)
|
| Top of the 5th over - 0 runs, 1 hit, 0 errors, 2 left on base; University of Illinois 4 - Ohio State University 2 |
| BOTTOM OF THE 5TH |
|
Ohio State University Buckeyes batting - Pitching for University of Illinois Fighting Illini : RHP Andy Harrigan
|
|
Batting: RHB Jesse Haddle
|
0-0: Ball 1-0: Called Strike 1-1: Called Strike 1-2: SINGLE (Line Drive, 4MD, EV 105.0 MPH)
|
|
Batting: RHB Nick Holsinger
|
0-0: Called Strike 0-1: Ball 1-1: Swinging Strike 1-2: Ball 2-2: Ball 3-2: Foul Ball, location: 2F 3-2: SINGLE (Line Drive, 34D, EV 96.9 MPH) Jesse Haddle to second Runner from 2nd tries for 3rd, SAFE, no throw by RF
|
|
Batting: LHB Jimmy Leslie
|
0-0: Ball 1-0: Ball 2-0: Foul Ball, location: 2F 2-1: SINGLE (Groundball, 6S, EV 75.0 MPH) (infield hit) Jesse Haddle scores Nick Holsinger to second
|
|
Pitching: RHP Tommy Guiles
|
|
|
Batting: RHB Adam Turpin
|
0-0: Called Strike 0-1: Ball 1-1: Foul Ball, location: 2F 1-2: SINGLE (Line Drive, 4D, EV 98.1 MPH) Nick Holsinger to third Jimmy Leslie to second
|
|
Batting: LHB Chris Cohen
|
0-0: Ball 1-0: Foul Ball, location: 2F 1-1: SINGLE (Line Drive, 9S, EV 92.5 MPH) Nick Holsinger scores Jimmy Leslie to third Adam Turpin to second Runner from 3rd tries for Home, SAFE, throw by RF to home Adam Turpin to third Chris Cohen to second
|
|
Batting: RHB Aaron Bryant
|
0-0: Ball 1-0: Ground out 4-3 (Groundball, 4S, EV 90.6 MPH) Adam Turpin scores Chris Cohen to third
|
|
Batting: RHB Mike Bergin
|
0-0: Swinging Strike 0-1: Fly out, F8 (Flyball, 8RXD, EV 105.0 MPH) Runner from 3rd tags up, SCORES, no throw by CF
|
|
Batting: RHB Jorge Lebron
|
0-0: Ball 1-0: Foul Ball, location: 2F 1-1: Ball 2-1: Fly out, F8 (Flyball, 8RXD, EV 105.0 MPH)
|
| Bottom of the 5th over - 5 runs, 5 hits, 0 errors, 0 left on base; University of Illinois 4 - Ohio State University 7 |
| TOP OF THE 6TH |
|
University of Illinois Fighting Illini batting - Pitching for Ohio State University Buckeyes : RHP Mark Paddock
|
|
Pitching: LHP Juan Rivera
|
|
|
Batting: RHB Ivan Castaneda
|
0-0: Ball 1-0: Ball 2-0: Foul Ball, location: 2F 2-1: Foul Ball, location: 2F 2-2: Ball 3-2: Base on Balls
|
|
Batting: RHB Vinny Torres
|
0-0: Fielders Choice at 2nd, 4-6 (Groundball, 4M, EV 84.4 MPH)
|
|
Batting: RHB Chris Bejarano
|
0-0: Ball 1-0: Fielders Choice at 2nd, 3-6 (Groundball, 3, EV 99.4 MPH)
|
|
Batting: RHB Danny Vinagre
|
0-0: Called Strike 0-1: Ball 1-1: Called Strike 1-2: Fielders Choice at 2nd, U4 (Groundball, 4M, EV 84.4 MPH)
|
| Top of the 6th over - 0 runs, 0 hits, 0 errors, 1 left on base; University of Illinois 4 - Ohio State University 7 |
| BOTTOM OF THE 6TH |
|
Ohio State University Buckeyes batting - Pitching for University of Illinois Fighting Illini : RHP Tommy Guiles
|
|
Batting: RHB Juan Alvarez
|
0-0: Called Strike 0-1: Swinging Strike 0-2: Foul Ball, location: 2F 0-2: Ground out 4-3 (Groundball, 4, EV 84.4 MPH)
|
|
Batting: RHB Jesse Haddle
|
0-0: Ground out 3-1 (Groundball, 34, EV 106.9 MPH)
|
|
Batting: RHB Nick Holsinger
|
0-0: Ball 1-0: Called Strike 1-1: Called Strike 1-2: Foul Ball, location: 2F 1-2: Strikes out swinging
|
| Bottom of the 6th over - 0 runs, 0 hits, 0 errors, 0 left on base; University of Illinois 4 - Ohio State University 7 |
| TOP OF THE 7TH |
|
University of Illinois Fighting Illini batting - Pitching for Ohio State University Buckeyes : LHP Juan Rivera
|
|
Batting: RHB Elmar Adenauer
|
0-0: Ground out 5-3 (Groundball, 5S, EV 68.8 MPH)
|
|
Batting: RHB Francisco Cabrera
|
0-0: Foul Ball, location: 2F 0-1: SOLO HOME RUN (Flyball, 7D, EV 99.4 MPH), Distance : 378 ft
|
|
Batting: RHB Jonathan Mendoza
|
0-0: Ball 1-0: Swinging Strike 1-1: Called Strike 1-2: Fly out, F9 (Flyball, 9S, EV 80.6 MPH)
|
|
Batting: LHB George Roben
|
0-0: Ball 1-0: Hit by Pitch
|
|
Batting: RHB Edwin Bejarano
|
0-0: Ball 1-0: Ball 2-0: Called Strike 2-1: Swinging Strike 2-2: Foul Ball, location: 2F 2-2: Strikes out swinging
|
| Top of the 7th over - 1 run, 1 hit, 0 errors, 1 left on base; University of Illinois 5 - Ohio State University 7 |
| BOTTOM OF THE 7TH |
|
Ohio State University Buckeyes batting - Pitching for University of Illinois Fighting Illini : RHP Tommy Guiles
|
|
Pitching: RHP Boboy Cacabelos
|
|
|
Batting: LHB Jimmy Leslie
|
0-0: Ball 1-0: Ball 2-0: Ground out U3 (Groundball, 34S, EV 90.6 MPH)
|
|
Batting: RHB Adam Turpin
|
0-0: Ball 1-0: Ball 2-0: Ground out 5-3 (Groundball, 56S, EV 81.2 MPH)
|
|
Batting: LHB Chris Cohen
|
0-0: Ball 1-0: Ball 2-0: Fly out, F9 (Flyball, 9D, EV 76.2 MPH)
|
| Bottom of the 7th over - 0 runs, 0 hits, 0 errors, 0 left on base; University of Illinois 5 - Ohio State University 7 |
| TOP OF THE 8TH |
|
University of Illinois Fighting Illini batting - Pitching for Ohio State University Buckeyes : LHP Juan Rivera
|
|
Pitching: RHP Outa Tamura
|
|
|
Now at 1B: Wen Huang
|
|
|
Batting: RHB Ivan Castaneda
|
0-0: Swinging Strike 0-1: Swinging Strike 0-2: Strikes out looking
|
|
Batting: RHB Vinny Torres
|
0-0: Ball 1-0: Called Strike 1-1: Swinging Strike 1-2: Ball 2-2: Strikes out swinging
|
|
Batting: RHB Chris Bejarano
|
0-0: Swinging Strike 0-1: Ball 1-1: Ground out 4-3 (Groundball, 4, EV 79.4 MPH)
|
| Top of the 8th over - 0 runs, 0 hits, 0 errors, 0 left on base; University of Illinois 5 - Ohio State University 7 |
| BOTTOM OF THE 8TH |
|
Ohio State University Buckeyes batting - Pitching for University of Illinois Fighting Illini : RHP Boboy Cacabelos
|
|
Batting: RHB Aaron Bryant
|
0-0: Ground out 1-3 (Groundball, 13S, EV 70.6 MPH)
|
|
Batting: RHB Mike Bergin
|
0-0: Ball 1-0: Ball 2-0: Called Strike 2-1: Called Strike 2-2: Strikes out swinging
|
|
Batting: RHB Jorge Lebron
|
0-0: Ball 1-0: Ball 2-0: Ball 3-0: Called Strike 3-1: SINGLE (Groundball, P, EV 86.2 MPH) (infield hit)
|
|
Batting: RHB Juan Alvarez
|
0-0: Ball 1-0: Ball 2-0: Called Strike 2-1: Fly out, F9 (Flyball, 9LM, EV 91.9 MPH)
|
| Bottom of the 8th over - 0 runs, 1 hit, 0 errors, 1 left on base; University of Illinois 5 - Ohio State University 7 |
| TOP OF THE 9TH |
|
University of Illinois Fighting Illini batting - Pitching for Ohio State University Buckeyes : RHP Outa Tamura
|
|
Batting: RHB Danny Vinagre
|
0-0: Hit by Pitch
|
|
Pinch Hitting: LHB Art D'Ascenzo
|
0-0: Ball 1-0: Ball 2-0: Ball 3-0: Called Strike 3-1: Base on Balls Danny Vinagre to second
|
|
Batting: RHB Francisco Cabrera
|
0-0: Ball 1-0: Called Strike 1-1: Called Strike 1-2: Foul Ball, location: 2F 1-2: Strikes out looking
|
|
Batting: RHB Jonathan Mendoza
|
0-0: Swinging Strike 0-1: Swinging Strike 0-2: Ball 1-2: Ball 2-2: Foul Ball, location: 2F 2-2: Strikes out looking
|
|
Batting: LHB George Roben
|
0-0: Called Strike 0-1: Ground out 4-3 (Groundball, 4, EV 83.8 MPH)
|
| Top of the 9th over - 0 runs, 0 hits, 0 errors, 2 left on base; University of Illinois 5 - Ohio State University 7 |
|